 Dungeon Crawl Stone Soup version 0.23.1 (webtiles) character file.

Game seed: 16229838297927443995

7993 Lanoc the Basher (level 11, -2/101 HPs)
             Began as a Purple Draconian Wanderer on Mar 2, 2019.
             Was a High Priest of the Shining One.
             Slain by a minotaur
             ... wielding an uncursed staff of death
              (43 damage)
             ... in a Gauntlet.
             The game lasted 00:19:06 (9363 turns).

Lanoc the Basher (Purple Draconian Wanderer)        Turns: 9363, Time: 00:19:07

Health: -2/101     AC: 11    Str: 24    XL:     11   Next: 4%
Magic:  11/11      EV: 24    Int: 13    God:    the Shining One [*****.]
Gold:   245        SH:  0    Dex: 21    Spells: 10/10 levels left

rFire    . . .     SeeInvis .   h - +1 whip (elec)
rCold    . . .     Gourm    .   (no shield)
rNeg     + + +     Faith    .   (armour unavailable)
rPois    .         Spirit   .   (helmet restricted)
rElec    .         Reflect  .   y - +3 cloak of the Sun {-Tele rN+ Dex+3}
rCorr    +         Harm     +   (no gloves)
MR       +....     NoTele   +   (no boots)
Stlth    +.........             C - amulet of harm
HPRegen  0.26/turn              n - +4 ring of strength
MPRegen  0.12/turn              x - ring of resist corrosion

@: mighty, agile, glowing
A: breathe power, unfitting armour, cold-blooded, AC +7
a: Breathe Dispelling Energy, Divine Shield, Cleansing Flame, Summon Divine
Warrior, Renounce Religion


You were in a Gauntlet.
You worshipped the Shining One.
The Shining One was extremely pleased with you.
You were very full.

You visited 3 branches of the dungeon, and saw 12 of its levels.
You also visited: Ossuary and Gauntlet.

You collected 730 gold pieces.
You spent 485 gold pieces at shops.

Inventory:

Hand Weapons
 b - a +0 hand crossbow
 h - a +1 whip of electrocution (weapon)
Missiles
 c - 49 bolts
Armour
 s - a scarf of resistance
 y - the +3 cloak of the Sun (worn) {-Tele rN+ Dex+3}
   (You found it in a Gauntlet)

   It affects your dexterity (+3).
   It protects you from negative energy.
   It prevents most forms of teleportation.
Jewellery
 j - an uncursed amulet of the gourmand
 l - the amulet "Liucki" {Spirit -Tele rElec rPois, unknown}
   (You found it in a Gauntlet)

   [amulet of guardian spirit]

   It causes incoming damage to be split between your health and magic.
   It insulates you from electricity.
   It protects you from poison.
   It prevents most forms of teleportation.
 n - a +4 ring of strength (left hand)
 r - a +4 ring of intelligence
 x - a ring of resist corrosion (right hand)
 C - an amulet of harm (around neck)
Wands
 g - a wand of digging (6)
 A - a wand of iceblast (9)
Scrolls
 a - 2 scrolls of amnesia
 e - a scroll of immolation
 i - 4 scrolls of remove curse
 k - 5 scrolls of teleportation
 o - 2 scrolls of enchant weapon
 u - 2 scrolls of blinking
 v - 2 scrolls of magic mapping
 E - a scroll of enchant armour
Potions
 d - 2 potions of flight
 m - 4 potions of mutation
 p - 3 potions of agility
 t - 7 potions of heal wounds
 w - a potion of resistance
 z - a potion of brilliance
 B - a potion of curing
 D - a potion of ambrosia
Comestibles
 f - 15 rations


   Skills:
 + Level 10.6 Fighting
 - Level 12.0 Maces & Flails
 - Level 1.0 Throwing
 + Level 8.1 Dodging
 - Level 1.1 Evocations


You had 10 spell levels left.
You didn't know any spells.
Your spell library was empty.

Dungeon Overview and Level Annotations

Branches:
Dungeon (10/15)            Temple (1/1) D:6            Lair (1/6) D:9
    Orc: D:9-12

Altars:
Ashenzari
Cheibriados
Dithmenos
Elyvilon
Fedhas
Gozag
Hepliaklqana
Kikubaaqudgha
Makhleb
Nemelex Xobeh
Okawaru
Qazlal
Ru
Sif Muna
Trog
Uskayaw
Vehumet
Wu Jian
Xom
Yredelemnul
Zin
The Shining One

Shops:
D:5 *   D:6 *   D:7 :   D:10 *

Annotations:
D:4 1 runed translucent door, Lavandula's ghost, amateur VSFi
D:6 2 runed translucent doors, grocchini's ghost, novice VSFi
D:9 3 runed translucent doors, HEYYEYAAE's ghost, novice OpHu
Lair:1 2 runed translucent doors, Xixaub Eqygg's ghost, journeyman DrTm Gauntlet 8 transporters, exclusion: oklob plant


Innate Abilities, Weirdness & Mutations

You can breathe bolts of dispelling energy.
Your rich purple scales are hard. (AC +7)
You cannot fit into any form of body armour.
You are cold-blooded and may be slowed by cold attacks.


Message History

The minotaur hits you with an uncursed staff of death!!
The minotaur gores you.
You hit the minotaur but do no damage. You tail-slap the minotaur!
The minotaur is lightly wounded.
You hit the minotaur but do no damage. Lightning courses through the minotaur!
The minotaur is moderately wounded.
The minotaur barely misses you. The minotaur closely misses you.
You barely miss the minotaur.
Your tail-slap misses the minotaur.
The minotaur is moderately wounded.
You hit the minotaur but do no damage.
The minotaur is moderately wounded.
The minotaur hits you with an uncursed staff of death!
The minotaur completely misses you.
You hit the minotaur.
The minotaur is moderately wounded.
You hit the minotaur. Lightning courses through the minotaur!
You tail-slap the minotaur!
The minotaur is severely wounded.
The minotaur hits you with an uncursed staff of death!!!
You die...

######### #.......#
#.#####.# #.#.H.#.#
#.# #@#.# #.# #.#.#
#.# #.#.# #.###.#.#
#.....#.# #######.#
#.....# #.#####
#########.#########


You could see a minotaur.

Vanquished Creatures
  A death ooze (Gauntlet)
  A two-headed ogre (D:10)
  Pikel (D:4)
  2 wizards (Gauntlet)
  A spiny frog (Lair:1)
  A tengu conjurer (D:10)
  A slime creature (Gauntlet)
  2 hippogriffs
  A spriggan (D:8)
  A basilisk (Lair:1)
  Eustachio (D:5)
  4 ice beasts
  A black bear (D:9)
  An orc warrior (D:6)
  2 ogres
  A necrophage (D:10)
  4 sky beasts
  A phantom (D:5)
  2 centaurs
  2 elf zombies (Ossuary)
  A bullfrog (D:7)
  3 scorpions
  A water moccasin skeleton (D:8)
  4 killer bees (D:10)
  3 wights (D:8)
  5 howler monkeys
  2 crimson imps
  2 jellies
  A quasit (D:10)
  3 centaur zombies
  7 hounds
  2 gnoll shamans (D:7)
  3 orc priests
  Crazy Yiuf (D:3)
  A centaur skeleton (D:5)
  A human zombie (Ossuary)
  Ijyb (D:4)
  Natasha (twice) (D:3)
  6 orc wizards
  4 worker ants
  2 hound zombies (Ossuary)
  3 mummies (Ossuary)
  2 howler monkey skeletons
  11 gnolls
  5 adders
  3 shadow imps
  3 white imps (Gauntlet)
  7 adder zombies
  3 adder skeletons
  2 worms (D:2)
  6 leopard geckos
  36 orcs
  4 giant cockroaches
  2 goblins
  3 hobgoblins
  7 jackals
  2 kobolds (D:1)
  2 quokkas
  2 bats
  4 frilled lizards
  A gnoll zombie (Ossuary)
  A goblin zombie (Ossuary)
  5 hobgoblin zombies (Ossuary)
  2 jackal zombies (Ossuary)
  5 kobold zombies (Ossuary)
  7 quokka zombies
  3 rats (D:1)
  3 rat zombies (Ossuary)
220 creatures vanquished.

Vanquished Creatures (others)
  A howler monkey skeleton (D:4)
  A giant cockroach (D:4)
  2 plants (Gauntlet)
4 creatures vanquished.

Grand Total: 224 creatures vanquished

Notes
Turn   | Place    | Note
-------+----------+-------------------------------------------
     0 | D:1      | Lanoc the Draconian Wanderer began the quest for the Orb.
     0 | D:1      | Lanoc set off with the following items: a +2 mace, a +0
                  | hand crossbow, 27 bolts, a potion of curing, a ration
     0 | D:1      | Reached XP level 1. HP: 22/22 MP: 1/1
   161 | D:1      | Reached XP level 2. HP: 24/28 MP: 2/2
   433 | D:2      | Reached skill level 1 in Dodging
   460 | D:2      | Reached XP level 3. HP: 30/34 MP: 3/3
   501 | D:2      | Found a glowing golden altar of the Shining One.
   591 | D:2      | Became a worshipper of the Shining One
   697 | D:2      | Found a faded altar of an unknown god.
   767 | D:3      | Noticed Natasha
   781 | D:3      | Killed Natasha
   944 | D:3      | Reached skill level 5 in Maces & Flails
   944 | D:3      | Reached XP level 4. HP: 15/41 MP: 4/4
  1241 | D:3      | Found a runed translucent door.
  1242 | D:3      | Noticed Crazy Yiuf
  1311 | D:3      | Reached skill level 5 in Fighting
  1416 | D:3      | Noticed Natasha
  1428 | D:3      | Killed Natasha
  1727 | D:3      | Killed Crazy Yiuf
  1727 | D:3      | Reached XP level 5. HP: 48/48 MP: 5/5
  1840 | D:4      | Noticed Ijyb
  1856 | D:4      | Killed Ijyb
  1928 | D:4      | Noticed a slave
  1929 | D:4      | Noticed a slave
  1929 | D:4      | Noticed Pikel
  1929 | D:4      | Noticed a slave
  1940 | D:4      | Noticed a slave
  1967 | D:4      | HP: 1/48 [Pikel/+1 whip of electrocution (13)]
  1975 | D:4      | Killed Pikel
  1975 | D:4      | Reached skill level 6 in Maces & Flails
  1975 | D:4      | Reached XP level 6. HP: 6/57 MP: 6/6
  1975 | D:4      | Your scales start taking on a rich purple colour.
  1975 | D:4      | Reached XP level 7. HP: 7/63 MP: 7/7
  2514 | D:4      | Reached skill level 7 in Maces & Flails
  2576 | D:4      | Found a runed translucent door.
  2578 | D:4      | Noticed Lavandula's ghost (amateur VSFi)
  3049 | D:5      | Entered Level 5 of the Dungeon
  3049 | D:5      | Found a shimmering altar of Xom.
  3116 | D:5      | Reached * piety under the Shining One
  3128 | D:5      | Found Yklilirch's General Store.
  3225 | D:5      | Reached XP level 8. HP: 30/71 MP: 8/8
  3579 | D:5      | Noticed Eustachio
  3592 | D:5      | Killed Eustachio
  3592 | D:5      | Reached skill level 8 in Maces & Flails
  3814 | D:6      | Found a large runed translucent door.
  3814 | D:6      | Found a large runed translucent door.
  3834 | D:6      | Noticed grocchini's ghost (novice VSFi)
  4036 | D:6      | Reached ** piety under the Shining One
  4248 | D:6      | Found a radiant altar of Vehumet.
  4471 | D:6      | Found Cisoz's General Store.
  4481 | D:6      | Bought a scroll of blinking for 105 gold pieces
  4481 | D:6      | Bought a potion of degeneration for 14 gold pieces
  4481 | D:6      | Bought a scroll of identify for 28 gold pieces
  4481 | D:6      | Bought a scroll of identify for 28 gold pieces
  4631 | D:6      | Reached skill level 9 in Maces & Flails
  4631 | D:6      | Reached skill level 5 in Dodging
  4951 | D:6      | Found a staircase to the Ecumenical Temple.
  4960 | Temple   | Entered the Ecumenical Temple
  5513 | D:7      | Reached XP level 9. HP: 78/80 MP: 9/9
  5527 | D:7      | Found an ornate altar of the Wu Jian Council.
  5975 | D:7      | Found Iwyug's Book Emporium.
  6273 | D:8      | Reached skill level 10 in Maces & Flails
  6376 | D:8      | Found a sand-covered staircase.
  6380 | Ossuary  | Entered an ossuary
  6387 | Ossuary  | Reached *** piety under the Shining One
  6455 | Ossuary  | Reached **** piety under the Shining One
  6596 | Ossuary  | Reached ***** piety under the Shining One
  7400 | D:9      | Got a pitted short sword
  7401 | D:9      | Identified the +5 short sword "Gunax" {pierce, rF+ rC+ MR+
                  | Dex+2} (You found it on level 9 of the Dungeon)
  7753 | D:9      | Found a staircase to the Lair.
  7848 | D:9      | Found a runed translucent gate.
  7849 | D:9      | Found a runed translucent gate.
  7858 | D:9      | Reached XP level 10. HP: 80/91 MP: 10/10
  7859 | D:9      | Found a runed translucent gate.
  7863 | D:9      | Noticed HEYYEYAAE's ghost (novice OpHu)
  7871 | D:9      | Found an iron altar of Okawaru.
  7954 | D:10     | Entered Level 10 of the Dungeon
  8017 | D:10     | Reached skill level 11 in Maces & Flails
  8201 | D:10     | Found Soetad's Assorted Antiques.
  8223 | D:10     | Bought 2 potions of heal wounds for 310 gold pieces
  8412 | D:10     | Noticed a two-headed ogre
  8441 | D:10     | Killed a two-headed ogre
  8753 | D:10     | Noticed a brown ugly thing
  8753 | D:10     | Noticed a white very ugly thing
  8832 | Lair:1   | Entered Level 1 of the Lair of Beasts
  8832 | Lair:1   | Noticed Xixaub Eqygg's ghost (journeyman DrTm)
  8832 | Lair:1   | Noticed a spiny frog
  8842 | Lair:1   | Killed a spiny frog
  8845 | Lair:1   | Noticed a minotaur
  8866 | Lair:1   | Found a runed translucent gate.
  8866 | Lair:1   | Noticed a four-headed hydra
  8872 | Lair:1   | Found a runed translucent gate.
  8886 | Lair:1   | Found a gate leading to a gauntlet.
  8905 | Gauntlet | Entered a Gauntlet
  8905 | Gauntlet | Found a transporter.
  8905 | Gauntlet | Found a transporter.
  8905 | Gauntlet | Found a transporter.
  8905 | Gauntlet | Noticed a large abomination
  8906 | Gauntlet | Noticed a wizard
  8907 | Gauntlet | Noticed a wizard
  8921 | Gauntlet | Found a transporter.
  8925 | Gauntlet | Found a transporter.
  8935 | Gauntlet | Found a transporter.
  8946 | Gauntlet | Noticed a death ooze
  8956 | Gauntlet | Found a transporter.
  8962 | Gauntlet | Noticed an oklob plant
  8974 | Gauntlet | Found a transporter.
  8980 | Gauntlet | Found a transporter.
  9019 | Gauntlet | Noticed a catoblepas
  9022 | Gauntlet | Found a transporter.
  9022 | Gauntlet | Noticed a gargoyle
  9022 | Gauntlet | Noticed a gargoyle
  9048 | Gauntlet | Found a transporter.
  9061 | Gauntlet | Found a transporter.
  9118 | Gauntlet | Killed a wizard
  9118 | Gauntlet | Reached skill level 12 in Maces & Flails
  9124 | Gauntlet | Killed a wizard
  9124 | Gauntlet | Reached skill level 10 in Fighting
  9146 | Gauntlet | Got an ichor-stained cloak
  9159 | Gauntlet | Identified the +3 cloak of the Sun {-Tele rN+ Dex+3} (You
                  | found it in a Gauntlet)
  9184 | Gauntlet | Got a slimy copper amulet
  9189 | Gauntlet | Killed a death ooze
  9189 | Gauntlet | Reached XP level 11. HP: 67/101 MP: 11/11
  9356 | Gauntlet | Noticed a minotaur
  9363 | Gauntlet | Slain by a minotaur

Skill      XL: |  1  2  3  4  5  6  7  8  9 10 |
---------------+-------------------------------+-----
Dodging        | 1 2 3 5 6 8 |  8.1
Maces & Flails | 5 6 7 9 10 12 | 12.0
Fighting       | 5 6 7 9 10 | 10.6
Throwing       | |  1.0
Evocations     | |  1.1

Action                   |  1- 3 |  4- 6 |  7- 9 | 10-12 || total
-------------------------+-------+-------+-------+-------++-------
Melee: Mace              |    75 |    53 |       |       ||   128
       Tailslap          |     6 |     7 |    51 |    16 ||    80
       Whip              |       |       |   484 |   130 ||   614
 Abil: Breathe Dispellin |       |       |     1 |     6 ||     7
  Use: Potion            |     1 |     5 |       |     6 ||    12
       Scroll            |       |     3 |    11 |     3 ||    17
  Eat: Chunk             |       |     3 |    28 |     4 ||    35
Armor: Skin              |    26 |    13 |    83 |    17 ||   139
Dodge: Dodged            |    45 |    29 |   220 |    60 ||   354
